 Dungeon Crawl Stone Soup version 0.17.1-1-g73c8601 (webtiles) character file.

215 Goblin1989 the Cudgeler (level 5, 0/46 HPs)
             Began as a Deep Dwarf Fighter on Jan 2, 2016.
             Slain by an orc (2 damage)
             ... on level 3 of the Dungeon.
             The game lasted 00:06:45 (2166 turns).

Goblin1989 the Cudgeler (Deep Dwarf Fighter)        Turns: 2166, Time: 00:06:45

Health: 0/46       AC:  6    Str: 20    XL:     5   Next: 60%
Magic:  6/6        EV:  7    Int:  9    God:
Gold:   128        SH:  9    Dex: 12    Spells: 0 memorised, 4 levels left

rFire  . . .     SeeInvis .     a - +0 flail
rCold  . . .     Clarity  .     b - +0 scale mail
rNeg   . . .     SustAt   .     c - +0 shield
rPois  .         Gourm    .     (no helmet)
rElec  .         Spirit   .     (no cloak)
rCorr  .         Warding  .     (no gloves)
rMut   .         Stasis   .     (no boots)
MR     .....                    (no amulet)
Stlth  ..........               (no ring)
                                (no ring)

@: non-regenerating, not resistant to hostile enchantments, extremely unstealthy
A: damage resistance, recharge devices, sense surroundings 1, slow regeneration
3
a: Device Recharging


You were on level 3 of the Dungeon.
You were not hungry.

You visited 1 branch of the dungeon, and saw 3 of its levels.

You collected 128 gold pieces.

Inventory:

Hand Weapons
 a - a +0 flail (weapon)
Armour
 b - a +0 scale mail (worn)
 c - a +0 shield (worn)
Jewellery
 o - a +5 ring of strength {unknown}
Wands
 e - a wand of heal wounds (2)
Scrolls
 g - a scroll of noise {unknown}
 i - 2 scrolls of teleportation {unknown}
 l - a scroll of random uselessness {unknown}
 m - a scroll of identify {unknown}
Potions
 d - a potion of might
 j - a potion of curing {unknown}
Comestibles
 f - 2 bread rations
 h - 2 fruits
 k - a beef jerky
 n - a meat ration


   Skills:
 - Level 2.6 Fighting
 * Level 5.1 Maces & Flails
 - Level 3.2 Armour
 - Level 3.2 Shields
 + Level 3.6 Evocations


You had 4 spell levels left.
You didn't know any spells.

Dungeon Overview and Level Annotations

Branches:
Dungeon (3/15)

Altars:
Kikubaaqudgha
Zin


Innate Abilities, Weirdness & Mutations

You are resistant to damage.
You can recharge devices by infusing magical energy.
You passively map a small area around you.
You do not regenerate naturally.


Message History

You are too injured to fight recklessly!
You are too injured to fight recklessly!
You are too injured to fight recklessly!
You are too injured to fight recklessly!
You are too injured to fight recklessly!
You are too injured to fight recklessly!
You are too injured to fight recklessly!
You are too injured to fight recklessly!
You are too injured to fight recklessly!
Unknown command.
You barely miss the orc.
The orc is almost dead.
The orc hits you but does no damage.
You closely miss the orc.
The orc is almost dead.
You block the orc's attack.
You sock the orc!
You kill the orc!
You closely miss the orc. The orc hits you.
You die...

* ##.....## ..#,
##...## ,#.# ##'##
*,....#######.#
**#o#.........#
#o#.######..##
#o#.# ##...##
#o#.# ###.....#
#@#.# #......#####
#.#.###.##........
#.......##.#######
###.######.#
#.......)#
##########


You could see an orc priest and 3 orcs.

Vanquished Creatures
  An orc wizard (D:3)
  11 gnolls
  An adder (D:3)
  A worm (D:2)
  2 giant geckos
  8 orcs (D:3)
  6 bats
  A giant cockroach (D:1)
  7 goblins
  9 hobgoblins
  2 jackals (D:3)
  8 kobolds
  A quokka (D:2)
  5 giant newts
  5 rats
68 creatures vanquished.

Notes
Turn   | Place    | Note
--------------------------------------------------------------
     0 | D:1      | Goblin1989 the Deep Dwarf Fighter began the quest for the Orb.
     0 | D:1      | Reached XP level 1. HP: 20/20 MP: 1/1
   119 | D:1      | Reached skill level 1 in Evocations
   206 | D:1      | Reached XP level 2. HP: 27/27 MP: 2/2
   773 | D:2      | Reached XP level 3. HP: 20/33 MP: 4/4
  1251 | D:2      | Reached XP level 4. HP: 13/40 MP: 5/5
  1287 | D:2      | Reached skill level 4 in Maces & Flails
  1365 | D:2      | Found a glowing silver altar of Zin.
  1700 | D:2      | Found an ancient bone altar of Kikubaaqudgha.
  1941 | D:3      | Reached XP level 5. HP: 33/46 MP: 7/7
  2152 | D:3      | Reached skill level 5 in Maces & Flails
  2162 | D:3      | HP: 2/46 [orc priest/divine providence (13)]
  2166 | D:3      | Slain by an orc

Action                   |  1- 3 |  4- 6 || total
-------------------------+-------+-------++-------
Melee: Flail             |   121 |   156 ||   277
 Abil: Device Recharging |       |     1 ||     1
Evoke: Wand              |     3 |     4 ||     7
  Eat: Meat ration       |     1 |       ||     1
